 Dungeon Crawl Stone Soup version 0.21.1-1-g345015fe64 (webtiles) character file.

6023 Ludini the Destroyer (level 10, -5/87 HPs)
             Began as a Naga Wizard on Feb 25, 2018.
             Was an Initiate of Sif Muna.
             Slain by a spiny frog (11 damage)
             ... on level 1 of the Lair of Beasts.
             The game lasted 00:39:31 (12779 turns).

Ludini the Destroyer (Naga Wizard)                 Turns: 12779, Time: 00:39:32

Health: -5/87      AC: 12    Str:  9    XL:     10   Next: 86%
Magic:  9/20       EV: 10    Int: 24    God:    Sif Muna [......]
Gold:   454        SH:  0    Dex: 10    Spells: 14/23 levels left

rFire    + + .     SeeInvis +   C - +2 dagger (elec)
rCold    . . .     Gourm    .   (no shield)
rNeg     . . .     Faith    .   a - +0 robe
rPois    +         Spirit   .   s - +2 helmet
rElec    .         Reflect  .   (no cloak)
rCorr    .         Harm     .   (no gloves)
MR       +....                  (no barding)
Stlth    ++........             (no amulet)
HPRegen  0.24/turn              g - ring of protection from fire
MPRegen  0.17/turn              i - +5 ring of protection

@: lethally poisoned (-5 -> -7), very slow
A: large, see invisible, clever 1, deformed body, fire resistance 1, poison
resistance, slowness 2, slow metabolism 1, spit poison 1, MP-powered wands, AC
+3
a: Spit Poison, Renounce Religion


You were on level 1 of the Lair of Beasts.
You worshipped Sif Muna.
Sif Muna was noncommittal.
You were very hungry.

You visited 3 branches of the dungeon, and saw 11 of its levels.

You collected 454 gold pieces.

Inventory:

Hand Weapons
 C - a +2 dagger of electrocution (weapon)
Armour
 a - a +0 robe (worn)
 b - a +0 hat
 s - a +2 helmet (worn)
Jewellery
 g - a ring of protection from fire (left hand)
 i - a +5 ring of protection (right hand)
Wands
 e - a wand of flame (30)
 k - a wand of scattershot (6)
 m - a wand of iceblast (14)
 r - a wand of acid (9)
 u - a wand of paralysis (6)
 y - a wand of enslavement (2)
 D - a wand of polymorph (28)
Scrolls
 h - 5 scrolls of remove curse
 j - 9 scrolls of identify
 o - 5 scrolls of teleportation
 x - a scroll of summoning
 A - 2 scrolls of enchant armour
Potions
 l - 2 potions of brilliance
 n - 3 potions of haste
 z - a potion of heal wounds
 E - a potion of mutation
Books
 c - a book of Minor Magic

   Spells                             Type                      Level
   a - Magic Dart                     Conjuration                  1
   b - Blink                          Translocation                2
   c - Call Imp                       Summoning                    2
   d - Slow                           Hexes                        2
   e - Conjure Flame                  Conjuration/Fire             3
   f - Mephitic Cloud                 Conjuration/Poison/Air       3
 B - a book of Flames

   Spells                             Type                      Level
   a - Flame Tongue                   Conjuration/Fire             1
   b - Throw Flame                    Conjuration/Fire             2
   c - Conjure Flame                  Conjuration/Fire             3
   d - Inner Flame                    Hexes/Fire                   3
   e - Sticky Flame                   Conjuration/Fire             4
   f - Fireball                       Conjuration/Fire             5
Comestibles
 d - 27 rations


   Skills:
 + Level 4.6 Fighting
 - Level 1.5 Dodging
 - Level 3.0 Stealth
 + Level 7.2 Spellcasting
 + Level 10.8 Conjurations
   Level 1.0 Summonings
 - Level 2.6 Translocations
 + Level 4.7 Fire Magic
 + Level 5.4 Air Magic


You had 14 spell levels left.
You knew the following spells:

 Your Spells              Type           Power        Failure   Level  Hunger
a - Magic Dart            Conj           ####         1%          1    None
b - Mephitic Cloud        Conj/Pois/Air  ####....     2%          3    None
c - Blink                 Tloc           N/A          3%          2    None
d - Conjure Flame         Conj/Fire      #####...     1%          3    None


Dungeon Overview and Level Annotations

Branches:
Dungeon (9/15)             Temple (1/1) D:7            Lair (1/6) D:8
    Orc: D:9-12

Altars:
Ashenzari
Cheibriados
Dithmenos
Elyvilon
Fedhas
Gozag
Hepliaklqana
Makhleb
Nemelex Xobeh
Okawaru
Qazlal
Ru
Sif Muna
Trog
Uskayaw
Vehumet
Wu Jian
Yredelemnul
Zin
The Shining One

Shops:
D:7 (

Annotations:
D:8 exclusion: orange crystal statue
Lair:1 KamiKatze's ghost, novice DDFi


Innate Abilities, Weirdness & Mutations

You cannot wear boots.
Your serpentine skin is tough. (AC +3)
You have supernaturally acute eyesight. (SInv)
Armour fits poorly on your strangely shaped body.
Your system is resistant to poisons. (rPois)
You cover ground very slowly.
You have a slow metabolism.
You can spit poison.
Your mind is acute. (Int +2)
Your flesh is heat resistant. (rF+)
You expend magic power (3 MP) to strengthen your wands.


Message History

You feel sick. The porcupine closely misses you.
Casting: Magic Dart
Confirm with . or Enter, or press ? or * to list all spells.
Aiming: Magic Dart
Press: ? - help, Shift-Dir - straight line, f/p - spiny frog
Aim: a spiny frog (moderately wounded)
The magic dart hits the spiny frog.
The spiny frog is moderately wounded.
The porcupine closely misses you. The spiny frog barely misses you.
Casting: Magic Dart
Confirm with . or Enter, or press ? or * to list all spells.
Aiming: Magic Dart
Press: ? - help, Shift-Dir - straight line, f/p - spiny frog
Aim: a spiny frog (moderately wounded)
The magic dart hits the spiny frog.
The spiny frog is heavily wounded.
You feel sick. KamiKatze's ghost hits you.
* * * LOW HITPOINT WARNING * * *
The porcupine barely misses you. The spiny frog stings you!
You die...

P♣♣......#
P...$....#
.........#
.=.......# ###
.........# #.####
.........###....#
...........W....#
.............#rF#
.............#@.#
.........####W..#
.........# ##...#
..#......# #.>##
. ###..... ...#
##.#.. ...# ...#
##..#


You could see a spiny frog, a porcupine and KamiKatze's ghost.

Vanquished Creatures
  A hydra (D:8)
  Pikel (D:7)
  2 dream sheep (D:8)
  2 hippogriffs (D:7)
  A wyvern (D:8)
  5 yaks
  Menkaure (D:7)
  An ice beast (D:6)
  A swamp drake (D:8)
  4 orc warriors
  A sky beast (D:6)
  A slave (D:7)
  3 ogres
  2 phantoms
  A necrophage (D:7)
  A centaur (D:6)
  The ghost of Bal the Grave Robber, an amateur GnNe (D:4)
  3 crocodiles
  3 big kobolds (D:8)
  2 bullfrogs
  3 scorpions
  3 wights (D:8)
  2 crimson imps
  6 hounds
  A quasit (D:8)
  A bullfrog zombie (D:5)
  A centaur zombie (D:5)
  9 orc priests
  2 centaur skeletons
  2 jellies
  A bullfrog skeleton (D:8)
  Natasha (thrice) (D:4)
  6 orc wizards
  2 worker ants
  A hound zombie (D:6)
  8 adders
  An adder skeleton (D:8)
  An adder zombie (D:6)
  5 worms
  2 dart slugs
  5 leopard geckos
  38 orcs
  6 bats
  7 giant cockroaches
  12 goblins
  9 hobgoblins
  2 jackals (D:2)
  4 quokkas
  A ball python (D:2)
  6 frilled lizards
  A giant cockroach zombie (D:6)
  8 kobolds
  A leopard gecko skeleton (D:6)
  A leopard gecko zombie (D:6)
  2 quokka skeletons
  9 rats
209 creatures vanquished.

Vanquished Creatures (others)
  A slave (D:7)
  A bullfrog skeleton (D:7)
2 creatures vanquished.

Grand Total: 211 creatures vanquished

Notes
Turn   | Place    | Note
-------+----------+-------------------------------------------
     0 | D:1      | Ludini the Naga Wizard began the quest for the Orb.
     0 | D:1      | Reached XP level 1. HP: 15/15 MP: 4/4
   206 | D:1      | Reached skill level 2 in Conjurations
   206 | D:1      | Reached XP level 2. HP: 22/22 MP: 1/6
   577 | D:1      | Reached XP level 3. HP: 28/28 MP: 2/7
   739 | D:1      | Reached skill level 3 in Conjurations
  1185 | D:2      | Reached XP level 4. HP: 24/36 MP: 2/8
  1345 | D:2      | Reached skill level 4 in Conjurations
  1842 | D:2      | Learned a level 3 spell: Mephitic Cloud
  1863 | D:2      | Learned a level 2 spell: Blink
  1867 | D:2      | Learned a level 3 spell: Conjure Flame
  1936 | D:2      | Reached XP level 5. HP: 42/42 MP: 6/9
  2544 | D:3      | Reached skill level 5 in Conjurations
  2751 | D:3      | Reached XP level 6. HP: 33/49 MP: 0/10
  3153 | D:4      | Reached skill level 6 in Conjurations
  3213 | D:4      | Noticed Bal's ghost (amateur GnNe)
  3236 | D:4      | Found a blossoming altar of Fedhas.
  3305 | D:4      | Noticed Natasha
  3310 | D:4      | Killed Natasha
  3352 | D:4      | Noticed a phantom
  3368 | D:4      | Killed a phantom
  3479 | D:4      | Killed Bal's ghost
  3479 | D:4      | Reached XP level 7. HP: 39/55 MP: 1/12
  3587 | D:4      | Reached skill level 7 in Conjurations
  3929 | D:4      | Noticed Natasha
  3942 | D:4      | Killed Natasha
  4034 | D:4      | Noticed Natasha
  4037 | D:4      | Killed Natasha
  4058 | D:5      | Entered Level 5 of the Dungeon
  4825 | D:5      | Found a glowing golden altar of the Shining One.
  5126 | D:5      | Reached skill level 8 in Conjurations
  5289 | D:5      | Reached XP level 8. HP: 62/62 MP: 2/14
  5815 | D:6      | Reached skill level 1 in Air Magic
  6585 | D:6      | Reached skill level 5 in Spellcasting
  6585 | D:6      | Reached skill level 9 in Conjurations
  6916 | D:6      | Reached XP level 9. HP: 51/68 MP: 2/17
  7494 | D:6      | Found a basalt altar of Yredelemnul.
  8246 | D:7      | Reached skill level 1 in Fighting
  8246 | D:7      | Reached skill level 1 in Fire Magic
  8680 | D:7      | Found a staircase to the Ecumenical Temple.
  8686 | Temple   | Entered the Ecumenical Temple
  8992 | D:7      | Noticed Pikel
  9006 | D:7      | Killed Pikel
  9006 | D:7      | Reached skill level 10 in Conjurations
  9379 | D:7      | Found Lomomirchom's Antique Weapon Boutique.
  9518 | D:7      | Noticed Menkaure
  9533 | D:7      | Killed Menkaure
  9733 | D:7      | Reached XP level 10. HP: 84/84 MP: 10/19
 10058 | D:8      | Noticed an orange crystal statue
 10678 | D:8      | Found a staircase to the Lair.
 11659 | D:8      | Noticed a three-headed hydra
 11687 | D:8      | Killed a three-headed hydra
 11687 | D:8      | Reached skill level 5 in Air Magic
 12076 | D:8      | Gained mutation: You expend magic power (3 MP) to strengthen your wands. [potion of mutation]
 12076 | D:8      | Gained mutation: Your flesh is heat resistant. (rF+) [potion of mutation]
 12076 | D:8      | Gained mutation: Your mind is acute. (Int +2) [potion of mutation]
 12568 | D:9      | Found a deep blue altar of Sif Muna.
 12574 | D:9      | Became a worshipper of Sif Muna the Loreminder
 12745 | Lair:1   | Entered Level 1 of the Lair of Beasts
 12757 | Lair:1   | Noticed a spiny frog
 12768 | Lair:1   | Noticed KamiKatze's ghost (novice DDFi)
 12779 | Lair:1   | Slain by a spiny frog

Skill      XL: |  1  2  3  4  5  6  7  8  9 10 |
---------------+-------------------------------+-----
Conjurations   | 2 3 4 5 6 8 9 10 | 10.8
Spellcasting   | 4 5 6 7 |  7.2
Air Magic      | 2 4 5 |  5.4
Translocations | 2 |  2.6
Fighting       | 3 4 |  4.6
Fire Magic     | 3 4 |  4.7
Dodging        | |  1.5
Stealth        | |  3.0
Summonings     | |  1.0

Action                   |  1- 3 |  4- 6 |  7- 9 | 10-12 || total
-------------------------+-------+-------+-------+-------++-------
Melee: Unarmed           |     8 |       |       |       ||     8
       Dagger            |     1 |     9 |   192 |    87 ||   289
 Cast: Magic Dart        |    49 |   132 |   333 |   114 ||   628
       Mephitic Cloud    |       |       |    33 |    13 ||    46
       Conjure Flame     |       |       |     7 |     6 ||    13
       Blink             |       |       |     2 |     6 ||     8
 Abil: Spit Poison       |    13 |    28 |    19 |     7 ||    67
Evoke: Wand              |       |       |       |     1 ||     1
  Use: Scroll            |     5 |     3 |     2 |     2 ||    12
       Potion            |     5 |     1 |     2 |     3 ||    11
 Stab: Confused          |       |       |    19 |     4 ||    23
       Sleeping          |       |       |     1 |     1 ||     2
  Eat: Chunk             |     1 |     7 |     7 |     8 ||    23
       Ration            |       |       |     3 |       ||     3
Armor: Robe              |     6 |    16 |    98 |    32 ||   152
Dodge: Dodged            |    11 |    21 |    93 |    55 ||   180
